 Dungeon Crawl Stone Soup version 0.24-a0-446-g87df7205b4 (webtiles) character file.

Game seed: 5016609728892339464

19 Mrkan the Chucker (level 2, -1/31 HPs)
             Began as an Ogre Hunter on June 24, 2019.
             Slain by a kobold (4 damage)
             ... on level 1 of the Dungeon.
             The game lasted 00:01:43 (679 turns).

Mrkan the Chucker (Ogre Hunter)                      Turns: 679, Time: 00:01:44

Health: -1/31      AC:  3    Str: 15    XL:     2   Next: 75%
Magic:  2/2        EV: 10    Int: 12    God:
Gold:   29         SH:  0    Dex:  9    Spells: 1/1 levels left

rFire    . . .     SeeInvis .   e - +0 club
rCold    . . .     Gourm    .   (no shield)
rNeg     . . .     Faith    .   b - +0 robe
rPois    .         Spirit   .   (helmet restricted)
rElec    .         Reflect  .   (no cloak)
rCorr    .         Harm     .   (gloves unavailable)
MR       .....                  (boots unavailable)
Stlth    +.........             (no amulet)
HPRegen  0.10/turn              (no ring)
MPRegen  0.08/turn              (no ring)

@: no status effects
A: large, unfitting armour, tough skin 1
a: no special abilities


You were on level 1 of the Dungeon.
You were not hungry.

You visited 1 branch of the dungeon, and saw 1 of its levels.

You collected 29 gold pieces.

Inventory:

Hand Weapons
 e - a +0 club (weapon)
Missiles
 c - 5 large rocks (quivered)
 d - 2 throwing nets
Armour
 b - a +0 robe (worn)
 h - a +0 buckler
Jewellery
 j - an uncursed ring of protection from magic {unknown}
Scrolls
 a - a scroll of blinking {unknown}
Potions
 i - 2 potions of curing {unknown}
 k - a potion of experience {unknown}
 l - a potion of brilliance {unknown}
Comestibles
 f - 3 rations
 g - a chunk of flesh


   Skills:
 + Level 3.3 Fighting
 * Level 4.5 Throwing
 - Level 1.7 Dodging
 - Level 0.6 Stealth


You had one spell level left.
You didn't know any spells.
Your spell library was empty.

Dungeon Overview and Level Annotations

Branches:
Dungeon (1/15)

Altars:


Innate Abilities, Weirdness & Mutations

You are too large for most types of armour.
You have tough skin. (AC +1)


Message History

a +0 dagger; a goblin corpse; a frilled lizard skeleton You see here a ring mail.
The rat is too close now for your liking.
You hit the rat.
You kill the rat!
A kobold comes into view.
A kobold is nearby!
The kobold shouts!
The kobold throws a stone.
The stone hits you.
* * * LOW HITPOINT WARNING * * *
The kobold throws a stone.
The stone hits you.
* * * LOW HITPOINT WARNING * * *
You see here a stone.
The kobold misses you.
You hit the kobold but do no damage. The kobold hits you.
* * * LOW HITPOINT WARNING * * *
You barely miss the kobold. The kobold closely misses you.
You miss the kobold. The kobold hits you but does no damage.
The kobold hits you.
You die...

.#.#######.#.#.#..##...#
.#.#.....#.#.#.#....#..#
...#..<..#...#.......####
.#.#.....#.#.#.#.###....#
.#.###.###.#.#.#.###........
.#.........#.#.#..........♣P
)###########.#.#[#####..gP.≈
.............#.#.K.####.≈≈≈.
######'#######.#@#(..K.P≈≈.≈
...............#.#####..≈≈≈≈
##.########.####.# .≈P≈≈
#........##...)..# r≈≈≈
............###### ≈≈≈
..########### ≈≈ ### ≈


You could see a kobold.

Vanquished Creatures
  2 giant cockroaches (D:1)
  7 goblins (D:1)
  A hobgoblin (D:1)
  A kobold (D:1)
  2 frilled lizards (D:1)
  5 rats (D:1)
18 creatures vanquished.

Notes
Turn   | Place    | Note
-------+----------+-------------------------------------------
     0 | D:1      | Mrkan the Ogre Hunter began the quest for the Orb.
     0 | D:1      | Reached XP level 1. HP: 22/22 MP: 1/1
   287 | D:1      | Reached XP level 2. HP: 31/31 MP: 2/2
   679 | D:1      | Slain by a kobold

Levels and vault maps discovered:
D:1:      matt_arrival_refuge, layout_rooms, serial_park_tiny_1,
          serial_bayou_pond_b

Skill      XL: |  1 |
---------------+----+-----
Fighting       | 3 |  3.3
Throwing       | |  4.5
Dodging        | |  1.7
Stealth        | |  0.6

Action                   || total
-------------------------++-------
Melee: Short sword       ||     7
       Club              ||    75
Throw: Large rock        ||     1
 Stab: Sleeping          ||     1
Armor: Robe              ||    37
Dodge: Dodged            ||    47

Table legend:
 A = Non-vault XP
 B = Vault XP
 C = Vault XP percentage of total XP
 D = Non-vault monster count
 E = Vault monster count
 F = Vault count percentage of total count
                 A         B        C        D         E       F
            +---------+---------+-------+---------+---------+-------
      Total |      23 |       5 |  17.9 |      15 |       3 |  16.7
            +---------+---------+-------+---------+---------+-------
        D:1 |      23 |       5 |  17.9 |      15 |       3 |  16.7
            +---------+---------+-------+---------+---------+-------
